 Dungeon Crawl Stone Soup version 0.27.1-3-gb3d3a73c9e (webtiles) character file.

Game seed: 9866387811060471746

25 Descartes the Digger (level 2, 0/16 HPs)
             Began as a Deep Elf Wanderer on Oct 7, 2021.
             Slain by a goblin (2 damage)
             ... led by Robin
             ... on level 1 of the Dungeon.
             The game lasted 00:03:28 (1998 turns).

Descartes the Digger (Deep Elf Wanderer)            Turns: 1998, Time: 00:03:29

Health: 0/16       AC:  2    Str: 11    XL:     2   Next: 86%
Magic:  1/7        EV: 12    Int: 13    God:
Gold:   31         SH:  0    Dex: 15    Spells: 3/5 levels left

rFire    . . .     SeeInvis .   a - +0 dagger
rCold    . . .     Faith    .   (no shield)
rNeg     . . .     Spirit   .   b - +0 robe
rPois    .         Reflect  .   (no helmet)
rElec    .         Harm     .   (no cloak)
rCorr    .         Rampage  .   (no gloves)
Will     .....                  (no boots)
Stlth    ++........             (no amulet)
HPRegen  0.05/turn              (no ring)
MPRegen  0.10/turn              (no ring)

@: very slightly contaminated
A: no striking features
a: no special abilities


You were on level 1 of the Dungeon.
You visited 1 branch of the dungeon, and saw 2 of its levels.

You collected 31 gold pieces.

Inventory:

Hand Weapons
 a - a +0 dagger (weapon)
Missiles
 d - 53 stones (quivered)
Armour
 b - a +0 robe (worn)
Scrolls
 f - 2 scrolls of identify {unknown}
 g - a scroll of immolation {unknown}
Potions
 c - a potion of curing
 e - a potion of flight {unknown}


   Skills:
 - Level 1.0 Fighting
 - Level 1.3 Bows
 - Level 1.0 Armour
 + Level 1.2 Dodging
 + Level 3.0 Stealth
 + Level 2.2 Spellcasting
 + Level 4.6 Earth Magic
 + Level 0.8 Poison Magic


You had 3 spell levels left.
You knew the following spells:

 Your Spells              Type           Power      Damage    Failure   Level
a - Sandblast             Erth           26%        2d8       3%          1
b - Sting                 Tmut/Pois      8%         1d3       22%         1

Your spell library contained the following spells:

 Spells                   Type           Power      Damage    Failure   Level
 Passwall                 Tmut/Erth      5%         N/A       14%         2
 Stone Arrow              Conj/Erth      14%        3d7       28%         3
 Spider Form              Tmut/Pois      1%         N/A       54%         3
 Petrify                  Tmut/Erth      7%         N/A       67%         4


Dungeon Overview and Level Annotations

Branches:
Dungeon (2/15)

Altars:

Annotations:
D:2 Robin


Message History

Aiming: Sting (safe; 22% risk of failure)
Press: ? - help, Shift-Dir - straight line, f/p - hobgoblin
Aim: a hobgoblin (moderately wounded, poisoned, 64% to hit)
The sting misses the hobgoblin.
The hobgoblin misses you. The goblin hits you with a +0 dagger.
Casting: Sting (safe; 22% risk of failure)
Confirm with . or Enter, or press ? or * to list all spells.
Aiming: Sting (safe; 22% risk of failure)
Press: ? - help, Shift-Dir - straight line, f/p - hobgoblin
Aim: a hobgoblin (moderately wounded, poisoned, 64% to hit)
You miscast Sting.
You are very lightly contaminated with residual magic.
Nothing appears to happen.
The hobgoblin closely misses you. The goblin hits you but does no damage.
Casting: Sting (safe; 22% risk of failure)
Confirm with . or Enter, or press ? or * to list all spells.
Aiming: Sting (safe; 22% risk of failure)
Press: ? - help, Shift-Dir - straight line, f/p - hobgoblin
Aim: a hobgoblin (heavily wounded, poisoned, 64% to hit)
The sting hits the hobgoblin.
The hobgoblin looks even sicker.
The hobgoblin is severely wounded.
The hobgoblin barely misses you. The goblin hits you with a +0 dagger.
Casting: Sting (safe; 22% risk of failure)
Confirm with . or Enter, or press ? or * to list all spells.
Aiming: Sting (safe; 22% risk of failure)
Press: ? - help, Shift-Dir - straight line, f - goblin, p - hobgoblin
Aim: a goblin, wielding a +0 dagger (55% to hit)
The sting misses the goblin.
The hobgoblin hits you. The goblin hits you but does no damage.
Casting: Sting (safe; 22% risk of failure)
Confirm with . or Enter, or press ? or * to list all spells.
Aiming: Sting (safe; 22% risk of failure)
Press: ? - help, Shift-Dir - straight line, f/p - goblin
Aim: a goblin, wielding a +0 dagger (55% to hit)
The sting hits the goblin.
The goblin is poisoned.
The goblin is heavily wounded.
The hobgoblin hits you.
* * * LOW HITPOINT WARNING * * *
The goblin hits you with a +0 dagger.
You die...

##..##
#.#####.#
#...#
#.......#
##..#
#########
#..## ##..#
#..# #..##
##g.# #.@#
##g#
########
#.#
#..†...#
#.#
#.####.#
#.# #.# #.#
#.# #.# #.#
#.# #.#
#.#######.#
#.#
#.........#


You could see a hobgoblin (very poisoned) and a goblin (poisoned).

Vanquished Creatures
  4 ball pythons
  An endoplasm (D:1)
  2 giant cockroaches (D:1)
  3 goblins
  3 hobgoblins
  2 quokkas
  3 frilled lizards (D:1)
  3 kobolds (D:1)
  2 rats
23 creatures vanquished.

Notes
Turn   | Place    | Note
-------+----------+-------------------------------------------
     0 | D:1      | Descartes the Deep Elf Wanderer began the quest for the
                  | Orb.
     0 | D:1      | Descartes set off with the following items: a +0 dagger, a
                  | +0 robe, a potion of curing; and the following spells
                  | available to memorise: Sandblast, Passwall, Sting, Stone
                  | Arrow, Spider Form, Petrify
     0 | D:1      | Reached XP level 1. HP: 12/12 MP: 5/5
   331 | D:1      | Learned a level 1 spell: Sandblast
   333 | D:1      | Learned a level 1 spell: Sting
   583 | D:1      | Found a faded altar of an unknown god.
   740 | D:1      | Reached XP level 2. HP: 15/16 MP: 3/6
  1287 | D:1      | Reached skill level 1 in Dodging
  1604 | D:2      | Noticed Robin
  1998 | D:1      | Slain by a goblin

Illustrated notes

Levels and vault maps discovered:
D:1:      dpeg_arrival_erosion, layout_basic, hellmonk_ecumenical_altar_zigzags
D:2:      kennysheep_big_flooded_room, layout_rooms, uniq_crazy_yiuf_cottage,
          uniq_robin, uniq_terence

Skill      XL: |  1  2 |
---------------+-------+-----
Spellcasting   | 2 |  2.2
Dodging        | 1 |  1.2
Stealth        | 3 |  3.0
Fighting       | |  1.0
Bows           | |  1.3
Armour         | |  1.0
Earth Magic    | |  4.6
Poison Magic   | |  0.8

Action                   || total
-------------------------++-------
Melee: Dagger            ||    33
 Cast: Sting             ||    30
       Sandblast         ||     4
Armor: Robe              ||    17
Dodge: Dodged            ||    37
